 Dungeon Crawl Stone Soup version 0.23.2-40-g277498a001 (webtiles) character file.

Game seed: 17482301427212060667

391 OrcJesus the Shield-Bearer (level 6, -1/56 HPs)
             Began as a Deep Dwarf Fighter on Sept 3, 2019.
             Was a Follower of Makhleb.
             Succumbed to a water moccasin's poison
             ... on level 2 of the Dungeon.
             The game lasted 00:12:48 (2915 turns).

OrcJesus the Shield-Bearer (Deep Dwarf Fighter)     Turns: 2915, Time: 00:12:49

Health: -1/56      AC:  7    Str: 21    XL:     6   Next: 50%
Magic:  4/4        EV:  7    Int:  9    God:    Makhleb [*.....]
Gold:   146        SH:  9    Dex: 12    Spells: 5/5 levels left

rFire    . . .     SeeInvis .   s - +2 hand axe (freeze)
rCold    . . .     Gourm    .   c - +0 shield
rNeg     . . .     Faith    .   b - +0 scale mail
rPois    .         Spirit   .   (no helmet)
rElec    .         Reflect  .   i - +0 cloak
rCorr    .         Harm     .   (no gloves)
MR       .....                  (no boots)
Stlth    ..........             (no amulet)
HPRegen  0.00/turn              (no ring)
MPRegen  0.09/turn              (no ring)

@: lethally poisoned (-1 -> -21), non-regenerating, heavily drained
A: damage resistance, heal wounds, sense surroundings 1, no regeneration
a: Heal Wounds, Renounce Religion


You were on level 2 of the Dungeon.
You worshipped Makhleb.
Makhleb was aware of your devotion.
You were not hungry.

You visited 2 branches of the dungeon, and saw 5 of its levels.

You collected 146 gold pieces.

Inventory:

Hand Weapons
 s - a +2 hand axe of freezing (weapon)
Armour
 b - a +0 scale mail (worn)
 c - a +0 shield (worn)
 i - a +0 cloak (worn)
Wands
 g - a wand of scattershot (7)
 t - a wand of random effects (12)
Scrolls
 h - 4 scrolls of identify {unknown}
 k - 2 scrolls of amnesia {unknown}
 l - a scroll of immolation {unknown}
 o - 2 scrolls of remove curse {unknown}
 q - a scroll of teleportation {unknown}
 r - 2 scrolls of blinking {unknown}
Potions
 d - a potion of might
 e - a potion of heal wounds {unknown}
 j - 2 potions of flight {unknown}
 m - 2 potions of curing {unknown}
 n - a potion of lignification {unknown}
 p - a potion of haste {unknown}
Comestibles
 f - 9 rations


   Skills:
 + Level 3.6(2.0) Fighting
 * Level 4.6(2.9) Axes
 + Level 4.5(2.8) Armour
 * Level 5.4(3.7) Shields


You had 5 spell levels left.
You didn't know any spells.
Your spell library was empty.

Dungeon Overview and Level Annotations

Branches:
Dungeon (4/15)             Temple (1/1) D:4

Altars:
Ashenzari
Cheibriados
Dithmenos
Elyvilon
Fedhas
Hepliaklqana
Kikubaaqudgha
Makhleb
Nemelex Xobeh
Qazlal
Ru
Sif Muna
Uskayaw
Vehumet
Wu Jian
Xom
Yredelemnul
The Shining One
Lugonu

Shops:
D:4 :


Innate Abilities, Weirdness & Mutations

You are resistant to damage.
You can heal yourself by infusing magical energy.
You passively map a small area around you.
You do not regenerate.


Message History

You feel very sick.
The water moccasin bites you but does no damage.
You block the water moccasin's attack.
You hit the water moccasin. You freeze the water moccasin.
The water moccasin is severely wounded.
* * * LOW HITPOINT WARNING * * *
You feel very sick. You block the water moccasin's attack.
You closely miss the water moccasin.
The water moccasin is severely wounded.
You barely miss the worm.
* * * LOW HITPOINT WARNING * * *
You feel very sick. You block the water moccasin's attack.
The water moccasin bites you.
You are more poisoned.
The water moccasin poisons you! The worm barely misses you.
Your shield and scale mail prevent you from hitting the water moccasin.
The water moccasin is severely wounded.
You hit the worm. You freeze the worm.
You die...

, #8......#### , ,,
##.....#....# ,
##.....8#....#
##8#.....###.)..# , ,
........## #)...# ,
.......⌠# ###..#
........#* #'### ,, *
##8#....S####..########+#
# ##=..w@8###.#.........
, , ,
##.....#............. *
#8......#.#.#####.##* *
###.....#.#.# *, ,
##..).#...#####.# ,
########8####......... ,
, ,
#......###.##..#####.# 8
#..........##..# * *
##..........##..## *.#


You could see a water moccasin and a worm.

Vanquished Creatures
  3 orc priests
  An iguana (D:4)
  Ijyb (D:3)
  2 orc wizards (D:3)
  A worker ant (D:4)
  A gnoll (D:2)
  4 adders
  3 worms
  11 dart slugs
  2 leopard geckos
  8 orcs
  A ball python (D:1)
  5 giant cockroaches
  3 goblins (D:2)
  9 hobgoblins
  3 jackals (D:4)
  3 quokkas
  6 bats
  3 frilled lizards
  7 kobolds
  A quokka skeleton (D:3)
  6 rats
84 creatures vanquished.

Vanquished Creatures (others)
  An orc wizard (D:4)
1 creature vanquished.

Grand Total: 85 creatures vanquished

Notes
Turn   | Place    | Note
-------+----------+-------------------------------------------
     0 | D:1      | OrcJesus the Deep Dwarf Fighter began the quest for the
                  | Orb.
     0 | D:1      | Reached XP level 1. HP: 20/20 MP: 1/1
   155 | D:1      | Reached XP level 2. HP: 10/27 MP: 2/2
   850 | D:2      | Found a sparkling altar of Nemelex Xobeh.
   907 | D:2      | Reached XP level 3. HP: 13/33 MP: 3/3
   960 | D:2      | Found a shadowy altar of Dithmenos.
   961 | D:2      | Found a radiant altar of Vehumet.
  1105 | D:3      | Noticed Ijyb
  1122 | D:3      | Reached skill level 4 in Shields
  1125 | D:3      | Killed Ijyb
  1125 | D:3      | Reached XP level 4. HP: 13/42 MP: 4/4
  1285 | D:3      | Reached XP level 5. HP: 17/49 MP: 4/4
  2043 | D:4      | Found a staircase to the Ecumenical Temple.
  2048 | Temple   | Entered the Ecumenical Temple
  2100 | Temple   | Became a worshipper of Makhleb the Destroyer
  2197 | D:4      | Found a sacrificial altar of Ru.
  2254 | D:4      | Found a glowing golden altar of the Shining One.
  2254 | D:4      | Found an ancient bone altar of Kikubaaqudgha.
  2255 | D:4      | Found a snail-covered altar of Cheibriados.
  2272 | D:4      | Reached skill level 5 in Shields
  2297 | D:4      | Reached XP level 6. HP: 23/56 MP: 5/5
  2327 | D:4      | Found a shattered altar of Ashenzari.
  2473 | D:4      | Found Metatre's Book Boutique.
  2888 | D:2      | Reached * piety under Makhleb
  2898 | D:2      | Noticed a water moccasin
  2915 | D:2      | Succumbed to a water moccasin's poison

Skill      XL: |  1  2  3  4  5 |
---------------+----------------+-----
Fighting       | 3 |  3.6
Axes           | 3 4 |  4.6
Shields        | 4 5 |  5.4
Armour         | 4 |  4.5

Action                   |  1- 3 |  4- 6 || total
-------------------------+-------+-------++-------
Melee: War axe           |   102 |    92 ||   194
       Hand axe          |       |   132 ||   132
 Abil: Heal Wounds       |       |     4 ||     4
  Eat: Chunk             |     1 |     6 ||     7
Armor: Scale mail        |    46 |    87 ||   133
Dodge: Dodged            |    33 |    59 ||    92
Block: Shield            |    70 |    97 ||   167
